 Dungeon Crawl Stone Soup version 0.27.1-2-g3b301248ec (webtiles) character file.

Game seed: 2152697497819632433

384476 Borgoz the Tortoise (level 22, -7/223 HPs)
             Began as a Gargoyle Berserker on Sept 28, 2021.
             Was the Champion of Trog.
             Killed from afar by a deep elf sorcerer (8 damage)
             ... with a bolt of acid
             ... on level 3 of the Elven Halls.
             The game lasted 01:10:15 (37427 turns).

Borgoz the Tortoise (Gargoyle Berserker)           Turns: 37427, Time: 01:10:16

Health: -7/223     AC: 49    Str: 29    XL:     22   Next: 96%
Magic:  22/22      EV: 20    Int: 11    God:    Trog [******]
Gold:   2896       SH:  0    Dex: 20    Spells: 21/21 levels left

rFire    + + .     SeeInvis +   b - +8 great mace of the Secret Lives {vorpal, Will- Str+6}
rCold    + + .     Faith    .   (shield currently unavailable)
rNeg     + + .     Spirit   .   y - +5 chain mail {rF+}
rPois    ∞         Reflect  .   L - +2 helmet {SInv}
rElec    +         Harm     .   C - scarf {rC+ rF+}
rCorr    .         Rampage  .   p - +2 pair of gloves of the Shore {rN+ Stlth+}
Will     +++..                  K - +2 pair of boots "Dit Daly" {Will++}
Stlth    ..........             j - amulet of regeneration
HPRegen  1.47/turn              z - ring "Payprideri" {rC+ Will+}
MPRegen  0.18/turn              e - +6 ring of dexterity

@: berserking (expiring), flying, very quick
A: sickness immunity, AC +16, big wings, negative energy resistance 1,
electricity resistance, torment resistance 1, petrification resistance
}: 2/15 runes: decaying, gossamer
a: Renounce Religion, Berserk, Trog's Hand, Brothers in Arms


You were on level 3 of the Elven Halls.
You worshipped Trog.
Trog was exalted by your worship.
You visited 7 branches of the dungeon, and saw 37 of its levels.
You also visited: Ice Cave and Volcano.

You collected 4527 gold pieces.
You spent 1631 gold pieces at shops.

Inventory:

Hand Weapons
 a - the +6 dire flail "Tuiph" {speed, rPois Dex+3}
   (You acquired it on level 6 of the Lair of Beasts)

   Attacks with this weapon are significantly faster.
   Dex:       It affects your dexterity (+3).
   rPois:     It protects you from poison.
 b - the +8 great mace of the Secret Lives (weapon) {vorpal, Will- Str+6}
   (Trog gifted it to you in an ice cave)

   It inflicts extra damage upon your enemies.
   Str:       It affects your strength (+6).
   Will:      It decreases your willpower.
 m - the +3 halberd of Okawaru's Generosity {vorpal, Dex+3}
   (You found it on level 1 of the Vaults)

   It inflicts extra damage upon your enemies.
   Dex:       It affects your dexterity (+3).
 w - the +8 dire flail of Xacun {vorpal, rN+ Dex+3}
   (Trog gifted it to you on level 3 of the Vaults)

   It inflicts extra damage upon your enemies.
   Dex:       It affects your dexterity (+3).
   rN:        It protects you from negative energy.
Armour
 p - the +2 pair of gloves of the Shore (worn) {rN+ Stlth+}
   (You found it on level 2 of the Vaults)

   rN:        It protects you from negative energy.
   Stlth:     It makes you more stealthy.
 y - a +5 chain mail of fire resistance (worn)
 C - a scarf of resistance (worn)
 K - the +2 pair of boots "Dit Daly" (worn) {Will++}
   (You found it on level 11 of the Dungeon)

   Will:      It greatly increases your willpower.
 L - a +2 helmet of see invisible (worn)
Jewellery
 e - a +6 ring of dexterity (right hand)
 j - an amulet of regeneration (around neck)
 z - the ring "Payprideri" (left hand) {rC+ Will+}
   (You found it on level 4 of the Lair of Beasts)

   [ring of willpower]

   rC:        It protects you from cold.
   Will:      It increases your willpower.
 H - a ring of resist corrosion
Wands
 h - a wand of paralysis (28)
 v - a wand of acid (25)
 A - a wand of flame (97)
 N - a wand of digging (13)
 P - a wand of iceblast (69)
Scrolls
 c - 22 scrolls of teleportation
 f - 8 scrolls of fear
 k - 2 scrolls of holy word
 l - 3 scrolls of magic mapping
 q - 4 scrolls of blinking
 r - a scroll of silence
 t - 2 scrolls of fog
 x - a scroll of summoning
Potions
 d - 6 potions of might
 g - a potion of resistance
 i - 12 potions of ambrosia
 n - 22 potions of curing
 o - 6 potions of heal wounds
 s - 6 potions of attraction
 u - 5 potions of berserk rage
 D - 4 potions of cancellation
 F - 5 potions of haste
 I - 8 potions of mutation
 J - 2 potions of invisibility


   Skills:
 * Level 19.1 Fighting
 * Level 20.2 Maces & Flails
 * Level 20.5 Armour
 * Level 16.4 Dodging
 - Level 4.0 Shields
 + Level 6.2 Evocations


You had 21 spell levels left.
You didn't know any spells.
Your spell library was empty.

Dungeon Overview and Level Annotations

Branches:
Dungeon (15/15)            Temple (0/1) D:4            Lair (6/6) D:9
  Swamp (4/4) Lair:2       Spider (4/4) Lair:3        Slime (0/5) Lair:6
    Orc (2/2) D:9             Elf (3/3) Orc:2        Vaults (3/5) D:13
  Crypt (0/3) Vaults:3     Depths (0/5) D:15          IceCv (visited)
Volcano (visited)

Altars:
Cheibriados
Fedhas
Hepliaklqana
Kikubaaqudgha
Qazlal
Sif Muna
Trog
Uskayaw
Vehumet
Yredelemnul
Zin

Shops:
D:1 [   D:9 (   Orc:2 [*(*:   Vaults:1 *?(=(


Innate Abilities, Weirdness & Mutations

You are immune to sickness and miasma.
Your stone body is resilient. (AC +16)
You are immune to poison.
Your large and strong wings let you fly.
You resist negative energy. (rN+)
You are resistant to electric shocks. (rElec)
You are resistant to unholy torment.
You are immune to petrification.


Message History

The +2 flail of holy wrath closely misses you.
The fire elemental closely misses you.
The deep elf annihilator casts a spell.
The deep elf annihilator blinks!
The deep elf high priest utters a dark prayer and points at you.
Your life force is offered up.
The deep elf master archer is healed.
The deep elf high priest is healed.
The deep elf annihilator is healed.
The deep elf archer is healed.
You hear a shout!
You barely miss the deep elf high priest.
The deep elf high priest is severely wounded.
The deep elf high priest hits you but does no damage.
The deep elf annihilator points at you and mumbles some strange words.
The crystal spear hits you!!!
* * * LOW HITPOINT WARNING * * *
A deep elf sorcerer comes into view. It is wielding a +0 long sword.
The +2 halberd of protection is engulfed in blazing flames.
The +2 halberd of protection hits you from afar.
* * * LOW HITPOINT WARNING * * *
The deep elf elementalist casts a spell.
The deep elf elementalist seems to speed up.
You hear a shout! x2
You bludgeon the deep elf high priest!!
You kill the deep elf high priest!
Trog accepts your kill. The +2 flail of holy wrath hits you!
* * * LOW HITPOINT WARNING * * *
The fire elemental hits you.
The deep elf annihilator gestures wildly while chanting.
The deep elf annihilator blinks!
The deep elf annihilator gestures at you while chanting.
The bolt of lightning misses you.
The bolt of lightning hits the fire elemental!
The fire elemental resists.
The bolt of lightning hits the fire elemental!
The fire elemental resists.
The bolt of lightning hits you but does no damage.
The deep elf sorcerer gestures at you while chanting.
The bolt of acid hits you!
You die...

#e§.# #e..#
####eee###
#.....e..##
###.....e...###
##..e..e.......#
.......)........
.......@E....e..
.....e)E((......
.E.§e###°###...
.e..##.....## .
..###.......###
. #...........#
#...........#
#...........#
#...........#


You could see a deep elf blademaster, a deep elf master archer, 4 deep elf
annihilators, 2 deep elf sorcerers, a deep elf elementalist (fast, empowered,
repels missiles), a deep elf archer (empowered, repels missiles), 3 deep elf
high priests, 2 earth elementals, a fire elemental (summoned) and 2 dancing
weapons.

Vanquished Creatures
  Boris (Vaults:3)
  Saint Roka (Vaults:3)
  A tentacled monstrosity (Swamp:2)
  Jorgrun (Swamp:1)
  An Ice Fiend (IceCv)
  Rupert (D:15)
  A thorn hunter (Swamp:4)
  Kirke (Spider:1)
  A shadow dragon (Vaults:2)
  The ghost of Kipt the Spry, an adept SpFE of Dithmenos (Vaults:2)
  The ghost of ABBCCCDDDD the Fighter, an adept OpAK of Lugonu (Elf:2)
  A deep elf sorcerer (Elf:3)
  8 vault wardens
  4 ghost moths (Spider:4)
  2 orc warlords
  Aizul (Swamp:4)
  8 emperor scorpions
  A deep elf elementalist (Elf:3)
  Louise (D:14)
  The ghost of Jacimip the Whirler, a journeyman HaHu of Okawaru (Swamp:2)
  12 ironbound preservers
  4 war gargoyles (Vaults:3)
  3 very ugly things
  2 stone giants (Vaults:2)
  3 deep elf annihilators
  18 slime creatures
  5 entropy weavers
  3 bunyips
  4 deep elf demonologists
  The ghost of loralnil the Geomancer, a journeyman DEEE of Sif Muna (Lair:2)
  5 dire elephants
  4 spark wasps
  A shambling mangrove (Swamp:4)
  2 crystal guardians
  An ettin (Vaults:2)
  Josephine (Spider:1)
  2 deep elf high priests (Elf:3)
  A yaktaur captain (Vaults:1)
  A great orb of eyes (Vaults:3)
  3 fire dragons
  5 ironbound thunderhulks
  A rakshasa (D:14)
  3 vault guards
  2 spriggan air magi (Swamp:4)
  3 boulder beetles
  An ice dragon (D:15)
  A ghost crab (Swamp:4)
  4 ironbound frosthearts
  5 peacekeepers
  2 caustic shrike simulacra (IceCv)
  23 hydras
  11 centaur warriors
  An anaconda (shapeshifter) (Elf:2)
  26 dancing weapons
  10 alligators
  A catoblepas (Lair:6)
  5 two-headed ogres
  2 deep troll earth magi (Vaults:1)
  2 tengu warriors (D:13)
  17 death yaks
  3 orc high priests (Orc:2)
  Urug (D:12)
  A spriggan berserker (Swamp:4)
  6 ironbound beastmasters
  17 deep elf knights
  10 spriggans
  An iron troll (Vaults:1)
  A skeletal warrior (D:15)
  5 goliath frogs
  4 spriggan druids
  39 deep trolls
  5 wizards
  7 swamp dragons
  11 orc knights
  An obsidian statue (IceCv)
  12 ironbound convokers
  8 lindwurms
  10 deep elf archers
  28 deep elf pyromancers
  19 orb spiders
  A phantasmal warrior (Vaults:2)
  A bog body (Swamp:4)
  5 harpies (Vaults:1)
  21 deep elf zephyrmancers
  6 orc sorcerers
  6 cyclopes
  33 wolf spiders
  A salamander (Volcano)
  30 ugly things
  A manticore (D:15)
  5 will-o-the-wisps
  8 elephants
  A moth of wrath (Spider:1)
  6 black mambas
  14 vault sentinels
  Joseph (D:7)
  5 torpor snails
  An unseen horror (D:12)
  A gargoyle (D:10)
  5 rime drakes
  17 cane toads
  4 kobold demonologists
  An efreet (D:15)
  12 yaktaurs
  3 ice devils (IceCv)
  9 komodo dragons
  11 demonic crawlers
  12 freezing wraiths (IceCv)
  The ghost of Domino the Skirmisher, an amateur MiBe of Trog (D:6)
  33 jumping spiders
  5 trolls
  21 hornets
  2 polar bears
  12 tyrant leeches
  A queen bee (D:8)
  41 blink frogs
  3 dream sheep (Lair:6)
  Sigmund (D:2)
  7 air elementals
  A shadow (D:9)
  81 redbacks
  2 fire elementals (Elf:3)
  23 tarantellas
  7 wyverns
  5 wraiths
  3 fire bats (Volcano)
  A human (shapeshifter) (D:14)
  6 spriggan simulacra (IceCv)
  A water elemental (Elf:2)
  59 yaks
  3 basilisks
  2 hogs (Spider:1)
  3 steam dragons
  2 minotaur simulacra (IceCv)
  15 vampire mosquitoes
  2 harpy simulacra (IceCv)
  5 wargs
  15 swamp worms
  3 acid dragons
  24 water moccasins
  27 orc warriors
  A sky beast (D:6)
  5 swamp drakes (Swamp:4)
  2 alligator simulacra (IceCv)
  An ogre (shapeshifter) (Vaults:3)
  A black bear (Lair:1)
  22 wolves
  6 ogres
  3 boggarts (Vaults:1)
  10 centaurs
  A phantom (D:5)
  6 kobold brigands
  Blork the orc (D:4)
  3 gnoll sergeants
  4 scorpions
  14 bullfrogs
  A deep troll simulacrum (IceCv)
  3 earth elementals
  A water moccasin skeleton (D:4)
  18 killer bees
  2 electric eels
  A howler monkey (D:9)
  6 quasits (D:6)
  2 centaur zombies
  7 orc priests
  3 hounds
  12 jellies
  A bullfrog skeleton (D:7)
  An iguana (D:4)
  Ijyb (D:3)
  Natasha (thrice) (D:3)
  18 orc wizards
  2 hell rats (D:9)
  A killer bee zombie (D:4)
  25 gnolls
  3 river rats (D:9)
  6 adders
  A shadow imp (D:6)
  2 white imps
  An adder zombie (D:1)
  An adder skeleton (D:3)
  A worm (D:4)
  3 dart slugs
  49 orcs
  A bat zombie (D:1)
  8 endoplasms
  4 giant cockroaches
  4 hobgoblins
  2 jackals (D:1)
  5 quokkas
  8 ball pythons
  6 bats
  4 frilled lizards
  6 goblins
  21 kobolds
  6 rats
  A briar patch (Swamp:4)
  6 butterflies
  A fire vortex (Swamp:4)
1404 creatures vanquished.

Vanquished Creatures (collateral kills)
  Donald (Orc:2)
  2 goliath frogs
  4 oklob plants (Lair:4)
  A bullfrog (Lair:6)
  A jelly (Lair:6)
9 creatures vanquished.

Vanquished Creatures (others)
  A fire dragon (Swamp:4)
  A fire crab (Swamp:4)
  3 swamp dragons (Swamp:4)
  A lindwurm (Swamp:4)
  An orb spider (Spider:1)
  2 bloated husks
  2 steam dragons (Swamp:4)
  4 swamp drakes (Swamp:4)
  A briar patch (Swamp:4)
  10 foxfires
  56 fungi
  131 plants
  7 withered plants (D:14)
220 creatures vanquished.

Grand Total: 1633 creatures vanquished

Notes
Turn   | Place    | Note
-------+----------+-------------------------------------------
     0 | D:1      | Borgoz the Gargoyle Berserker began the quest for the Orb.
     0 | D:1      | Reached XP level 1. HP: 14/14 MP: 1/1
   148 | D:1      | Reached XP level 2. HP: 19/19 MP: 2/2
   465 | D:1      | Reached XP level 3. HP: 24/24 MP: 3/3
   513 | D:1      | Found a faded altar of an unknown god.
   532 | D:1      | Found Duanee's Armour Boutique.
   930 | D:2      | Reached ** piety under Trog
   985 | D:2      | Noticed Sigmund
   994 | D:2      | Killed Sigmund
   995 | D:2      | Reached XP level 4. HP: 30/30 MP: 4/4
   995 | D:2      | Reached XP level 5. HP: 34/34 MP: 5/5
  1383 | D:2      | Reached XP level 6. HP: 40/40 MP: 6/6
  1770 | D:3      | Found a shimmering blue altar of Sif Muna.
  1867 | D:3      | Noticed Natasha
  1874 | D:3      | Killed Natasha
  1881 | D:3      | Reached skill level 5 in Fighting
  1903 | D:3      | Noticed Natasha
  1914 | D:3      | Killed Natasha
  1981 | D:3      | Reached *** piety under Trog
  2024 | D:3      | Noticed Natasha
  2034 | D:3      | Killed Natasha
  2053 | D:3      | Noticed Ijyb
  2055 | D:3      | Paralysed by Ijyb for 4 turns
  2061 | D:3      | Paralysed by Ijyb for 2 turns
  2067 | D:3      | Paralysed by Ijyb for 7 turns
  2075 | D:3      | Killed Ijyb
  2365 | D:4      | Reached XP level 7. HP: 44/44 MP: 7/7
  2424 | D:4      | Reached skill level 5 in Maces & Flails
  2537 | D:4      | Found a staircase to the Ecumenical Temple.
  2708 | D:4      | Reached skill level 5 in Armour
  2895 | D:4      | Found a radiant altar of Vehumet.
  2940 | D:4      | Noticed Blork the orc
  2954 | D:4      | Killed Blork the orc
  3115 | D:5      | Entered Level 5 of the Dungeon
  3132 | D:5      | Reached XP level 8. HP: 51/51 MP: 8/8
  3137 | D:5      | Found a snail-covered altar of Cheibriados.
  3195 | D:5      | Reached **** piety under Trog
  3710 | D:6      | Noticed Domino's ghost (amateur MiBe)
  3741 | D:6      | Found a transporter.
  3778 | D:6      | Found a transporter.
  4096 | D:6      | Reached XP level 9. HP: 31/57 MP: 9/9
  4414 | D:6      | Killed Domino's ghost
  4459 | D:6      | Lost dexterity.
  4545 | D:7      | Noticed Joseph
  4561 | D:7      | Killed Joseph
  4603 | D:7      | Identified the +5 battleaxe "Ogre's Funeral" {pain, Dex+2}
  4665 | D:7      | Identified the +5 whip of Lyit {freeze, rElec rC+ Int+3
                  | Stlth+}
  5356 | D:8      | Noticed a queen bee
  5403 | D:8      | Killed a queen bee
  5404 | D:8      | Reached XP level 10. HP: 39/65 MP: 10/10
  5414 | D:8      | Reached ***** piety under Trog
  5817 | D:8      | Found a stormy altar of Qazlal.
  5992 | D:8      | Found a bloodstained altar of Trog.
  6398 | D:9      | Reached skill level 1 in Shields
  6431 | D:9      | Reached skill level 5 in Dodging
  6460 | D:9      | Noticed a death yak
  6461 | D:9      | Noticed a death yak
  6462 | D:9      | Noticed a death yak
  6488 | D:9      | Killed a death yak
  6499 | D:9      | Killed a death yak
  6500 | D:9      | Reached skill level 10 in Fighting
  6500 | D:9      | Reached XP level 11. HP: 72/72 MP: 11/11
  6512 | D:9      | Killed a death yak
  6538 | D:9      | Found a staircase to the Lair.
  6563 | D:9      | Reached skill level 10 in Armour
  6767 | D:9      | Found Wahiod's Weapon Shoppe.
  6767 | D:9      | Found a staircase to the Orcish Mines.
  7112 | D:9      | Noticed a two-headed ogre
  7249 | D:9      | Killed a two-headed ogre
  7351 | D:10     | Entered Level 10 of the Dungeon
  7355 | D:10     | Found a blossoming altar of Fedhas.
  7673 | D:10     | Noticed a two-headed ogre
  7681 | D:10     | Killed a two-headed ogre
  7682 | D:10     | Reached skill level 10 in Maces & Flails
  8033 | D:10     | Found a hide-covered altar of Uskayaw.
  8067 | D:10     | Noticed an angel
  8068 | D:10     | Found a glowing silver altar of Zin.
  8438 | D:11     | Identified the +2 pair of boots "Dit Daly" {Will++}
  8549 | D:11     | Received a gift from Trog
  8796 | D:11     | Found a hazy altar of Hepliaklqana.
  9031 | Lair:1   | Entered Level 1 of the Lair of Beasts
  9056 | Lair:1   | Reached XP level 12. HP: 66/80 MP: 12/12
  9141 | Lair:1   | Noticed a four-headed hydra
  9152 | Lair:1   | Killed a four-headed hydra
 10318 | Lair:2   | Noticed a four-headed hydra
 10330 | Lair:2   | Killed a four-headed hydra
 10514 | Lair:2   | Noticed a seven-headed hydra
 10526 | Lair:2   | Killed a seven-headed hydra
 10800 | D:1      | Bought a +2 cloak of preservation for 279 gold pieces
 10990 | Lair:2   | Noticed a six-headed hydra
 10991 | Lair:2   | Noticed a four-headed hydra
 11082 | Lair:2   | Killed a four-headed hydra
 11087 | Lair:2   | Killed a six-headed hydra
 11087 | Lair:2   | Received a gift from Trog
 11088 | Lair:2   | Reached XP level 13. HP: 87/87 MP: 13/13
 11123 | Lair:2   | Found a runed translucent door.
 11125 | Lair:2   | Noticed loralnil's ghost (journeyman DEEE)
 11254 | Lair:2   | Found a staircase to the Swamp.
 11677 | Lair:2   | Killed loralnil's ghost
 12066 | Lair:3   | Found a hole to the Spider Nest.
 13007 | Lair:4   | Gained mutation: Your large and strong wings let you fly.
                  | [Gargoyle growth]
 13007 | Lair:4   | Reached XP level 14. HP: 80/94 MP: 14/14
 13216 | Lair:4   | Received a gift from Trog
 13223 | Lair:4   | Identified the ring "Payprideri" {rC+ Will+}
 14592 | Lair:6   | Entered Level 6 of the Lair of Beasts
 14633 | Lair:6   | Identified 2 scrolls of acquirement
 14633 | Lair:6   | Acquired the +6 dire flail "Tuiph" {speed, rPois Dex+3}
 14808 | Lair:6   | Received a gift from Trog
 14832 | Lair:6   | Found a staircase to the Slime Pits.
 14925 | Lair:6   | Reached skill level 10 in Dodging
 14982 | Lair:6   | Reached XP level 15. HP: 96/100 MP: 15/15
 15321 | Lair:6   | Found a dark tunnel.
 15330 | Volcano  | Entered a volcano
 15336 | Volcano  | Acquired a manual of Armour
 15339 | Volcano  | Acquired a scarf of resistance
 15439 | Volcano  | Reached ****** piety under Trog
 15743 | Lair:6   | Received a gift from Trog
 16521 | D:12     | Noticed Urug
 16538 | D:12     | Killed Urug
 17071 | D:13     | Found a gate to the Vaults.
 17560 | D:13     | Reached skill level 15 in Maces & Flails
 17871 | Orc:1    | Entered Level 1 of the Orcish Mines
 18588 | Orc:2    | Entered Level 2 of the Orcish Mines
 18588 | Orc:2    | Found a staircase to the Elven Halls.
 18591 | Orc:2    | Noticed an orc warlord
 18592 | Orc:2    | Found Wumi Ogh's General Store.
 18622 | Orc:1    | Received a gift from Trog
 18696 | Orc:1    | Killed an orc warlord
 18815 | Orc:2    | Bought a scroll of identify for 24 gold pieces
 18829 | Orc:2    | Found Xery's Antique Armour Shoppe.
 18850 | Orc:2    | Reached XP level 16. HP: 107/107 MP: 16/16
 18854 | Orc:2    | Reached skill level 15 in Armour
 18860 | Orc:2    | Noticed Donald
 18880 | Orc:2    | Killed Donald
 19081 | Orc:2    | Found Ishoph's Antique Weapon Emporium.
 19284 | Orc:2    | Found Oskelece's Book Shoppe.
 19367 | Orc:2    | Found Usyur's Assorted Antiques.
 19518 | Orc:2    | Bought a scroll labelled AGOMEW QOIGIU for 32 gold pieces
 19518 | Orc:2    | Bought a scroll labelled OBALAOPIAG for 32 gold pieces
 19518 | Orc:2    | Bought a glowing plate armour for 832 gold pieces
 19518 | Orc:2    | Bought a scroll labelled OBALAOPIAG for 32 gold pieces
 19518 | Orc:2    | Bought an encrusted coral ring for 160 gold pieces
 19518 | Orc:2    | Bought a glowing helmet for 240 gold pieces
 19941 | D:14     | Received a gift from Trog
 20132 | D:14     | Found an ancient bone altar of Kikubaaqudgha.
 20216 | D:14     | Noticed Louise
 20246 | D:14     | Killed Louise
 20448 | D:15     | Entered Level 15 of the Dungeon
 20477 | D:15     | Found a frozen archway.
 20485 | IceCv    | Entered an ice cave
 20655 | IceCv    | Reached skill level 15 in Fighting
 20888 | IceCv    | Noticed an Ice Fiend
 20932 | IceCv    | Killed an Ice Fiend
 21055 | IceCv    | Identified the +8 great mace of the Secret Lives {vorpal,
                  | Will- Str+6} (Trog gifted it to you in an ice cave)
 21055 | IceCv    | Received a gift from Trog
 21329 | D:15     | Noticed Rupert
 21341 | D:15     | Killed Rupert
 21709 | D:15     | Found a staircase to the Depths.
 22379 | Swamp:1  | Entered Level 1 of the Swamp
 22410 | Swamp:1  | Noticed Jorgrun
 22423 | Swamp:1  | Killed Jorgrun
 22476 | Swamp:1  | Found an ancient bone altar of Kikubaaqudgha.
 22537 | Swamp:1  | Reached XP level 17. HP: 113/113 MP: 17/17
 22970 | Swamp:2  | Noticed a tentacled monstrosity
 22986 | Swamp:2  | Killed a tentacled monstrosity
 23218 | Swamp:2  | Found a runed translucent gate.
 23218 | Swamp:2  | Found a runed translucent gate.
 23219 | Swamp:2  | Found a runed translucent gate.
 23219 | Swamp:2  | Noticed Jacimip's ghost (journeyman HaHu)
 23258 | Swamp:2  | Killed Jacimip's ghost
 23644 | Swamp:3  | Found a basalt altar of Yredelemnul.
 23785 | Swamp:3  | Received a gift from Trog
 24128 | Swamp:4  | Entered Level 4 of the Swamp
 24637 | Swamp:4  | Noticed Aizul
 24667 | Swamp:4  | Killed Aizul
 24862 | Swamp:4  | Reached XP level 18. HP: 115/120 MP: 18/18
 25022 | Swamp:4  | Got a decaying rune of Zot
 25146 | Spider:1 | Entered Level 1 of the Spider Nest
 25522 | Spider:1 | HP: 6/120 [disintegration (25)]
 25690 | Spider:1 | Noticed Josephine
 25692 | Spider:1 | Killed Josephine
 25832 | Spider:1 | Received a gift from Trog
 25887 | Spider:1 | Noticed Kirke
 25912 | Spider:1 | Killed Kirke
 27571 | Spider:3 | Identified the +1 scale mail of Music {Slay+3}
 27690 | Spider:3 | Identified the +0 leather armour of Puva {Will+}
 27901 | Spider:3 | Received a gift from Trog
 28435 | Spider:4 | Entered Level 4 of the Spider Nest
 28520 | Spider:4 | Reached XP level 19. HP: 86/127 MP: 19/19
 29564 | Spider:4 | Got a gossamer rune of Zot
 29855 | Vaults:1 | Entered Level 1 of the Vaults
 29971 | Vaults:1 | Found Podiust's General Store.
 30080 | Vaults:1 | Reached skill level 1 in Evocations
 30255 | Vaults:1 | Found Tuekk's Weapon Emporium.
 30278 | Vaults:1 | Received a gift from Trog
 30461 | Vaults:1 | Found Rivu's Jewellery Shop.
 30461 | Vaults:1 | Found Kid Fisch's Antique Weapon Shop.
 30504 | Vaults:1 | Reached skill level 15 in Dodging
 30688 | Vaults:1 | Identified the +3 halberd of Okawaru's Generosity {vorpal,
                  | Dex+3}
 31079 | Vaults:1 | Received a gift from Trog
 31116 | Vaults:1 | Reached XP level 20. HP: 134/134 MP: 20/20
 31201 | Vaults:1 | Found Heki's Magic Scroll Shoppe.
 31759 | Vaults:2 | Found a runed translucent door.
 31759 | Vaults:2 | Noticed Kipt's ghost (adept SpFE)
 32394 | Vaults:2 | Identified the +2 pair of gloves of the Shore {rN+ Stlth+}
 32574 | Vaults:2 | Received a gift from Trog
 33115 | Vaults:2 | Killed Kipt's ghost
 33316 | Vaults:3 | Reached XP level 21. HP: 141/141 MP: 9/21
 33468 | Vaults:3 | Identified the +8 dire flail of Xacun {vorpal, rN+ Dex+3}
                  | (Trog gifted it to you on level 3 of the Vaults)
 33468 | Vaults:3 | Received a gift from Trog
 33506 | Vaults:3 | Noticed Boris
 33523 | Vaults:3 | Killed Boris
 33621 | Vaults:3 | Noticed Saint Roka
 33639 | Vaults:3 | Killed Saint Roka
 33651 | Vaults:3 | Reached XP level 22. HP: 148/148 MP: 22/22
 33864 | Vaults:3 | Found a staircase to the Crypt.
 33864 | Vaults:3 | Found an ancient bone altar of Kikubaaqudgha.
 33865 | Vaults:3 | Found a basalt altar of Yredelemnul.
 33925 | Vaults:3 | Reached skill level 5 in Evocations
 34014 | Vaults:3 | Found a huge runed gate.
 34014 | Vaults:3 | Found a huge runed gate.
 34014 | Vaults:3 | Found a huge runed gate.
 34014 | Vaults:3 | Found a huge runed gate.
 34016 | Vaults:3 | Found a huge runed gate.
 34017 | Vaults:3 | Found a huge runed gate.
 34018 | Vaults:3 | Found a huge runed gate.
 34018 | Vaults:3 | Found a huge runed gate.
 34020 | Vaults:3 | Found a huge runed gate.
 34020 | Vaults:3 | Found a huge runed gate.
 34020 | Vaults:3 | Found a huge runed gate.
 34020 | Vaults:3 | Found a huge runed gate.
 34020 | Vaults:3 | Found a huge runed gate.
 34021 | Vaults:3 | Found a huge runed gate.
 34022 | Vaults:3 | Found a huge runed gate.
 34023 | Vaults:3 | Found a huge runed gate.
 34024 | Vaults:3 | Found a huge runed gate.
 34032 | Vaults:3 | Found a huge runed gate.
 34032 | Vaults:3 | Found a huge runed gate.
 34032 | Vaults:3 | Found a huge runed gate.
 34032 | Vaults:3 | Found a huge runed gate.
 34032 | Vaults:3 | Found a huge runed gate.
 34032 | Vaults:3 | Found a huge runed gate.
 34032 | Vaults:3 | Found a huge runed gate.
 34033 | Vaults:3 | Found a huge runed gate.
 34034 | Vaults:3 | Found a huge runed gate.
 34055 | Vaults:3 | Found a huge runed gate.
 34055 | Vaults:3 | Found a huge runed gate.
 34055 | Vaults:3 | Found a huge runed gate.
 34055 | Vaults:3 | Found a huge runed gate.
 34055 | Vaults:3 | Found a huge runed gate.
 34055 | Vaults:3 | Found a huge runed gate.
 34056 | Vaults:3 | Found a huge runed gate.
 34057 | Vaults:3 | Found a huge runed gate.
 34058 | Vaults:3 | Found a huge runed gate.
 34066 | Vaults:3 | Found a huge runed gate.
 35042 | Elf:1    | Entered Level 1 of the Elven Halls
 35050 | Elf:1    | Received a gift from Trog
 35847 | Elf:2    | Paralysed by an air elemental for 1 turns
 35909 | Elf:2    | Received a gift from Trog
 35926 | Elf:2    | Found an ancient bone altar of Kikubaaqudgha.
 35974 | Elf:2    | Found a runed translucent gate.
 35974 | Elf:2    | Found a runed translucent gate.
 35974 | Elf:2    | Found a runed translucent gate.
 36482 | Elf:2    | Found a transporter.
 36485 | Elf:2    | Noticed ABBCCCDDDD's ghost (adept OpAK)
 36486 | Elf:2    | Found a transporter.
 36741 | Elf:2    | Paralysed by an air elemental for 1 turns
 36748 | Elf:2    | Killed ABBCCCDDDD's ghost
 36833 | Elf:3    | Entered Level 3 of the Elven Halls
 36886 | Elf:3    | Received a gift from Trog
 37033 | Elf:3    | Paralysed by an air elemental for 1 turns
 37426 | Elf:3    | HP: 7/223 [+2 halberd of protection (6)]
 37427 | Elf:3    | HP: 1/223 [+2 flail of holy wrath[a deep elf archer] (7)]
 37427 | Elf:3    | Killed from afar by a deep elf sorcerer

Illustrated notes

Levels and vault maps discovered:
D:1:      saegor_arrival_fortress, layout_basic, serial_shops,
          nicolae_shop_window_shopping, hellmonk_ecumenical_altar_run_dry,
          minmay_splitting_lines, wander_ebering_terrifying_dragon_lair
D:2:      layout_basic, serial_rivers, chequers_serial_rivers_micro_b,
          chequers_serial_rivers_small_3, chequers_serial_rivers_large_b,
          chequers_serial_rivers_small_a, chequers_serial_rivers_room_a,
          chequers_serial_rivers_small_3, uniq_sigmund
D:3:      layout_rooms, amcnicky_altar_gilded, chequers_serial_rivers_micro_e,
          hangedman_abyss_or_decor_lesser_grid, uniq_ijyb, uniq_natasha
D:4:      layout_loops_ring, lemuel_coloured_pillars_altar,
          minmay_temple_entry_waves, guppyfry_early_lair_pool,
          uniq_blork_the_orc
D:5:      layout_cave_pools, kennysheep_slug_shrine
D:6:      layout_loops_cross, gammafunk_ghost_stat_death
D:7:      layout_basic, uniq_joseph
D:8:      nicolae_whirlpool, layout_loops_ring, lemuel_crystal_altar,
          mainiacjoe_overflow_24_doors, nicolae_looking_at_the_future
D:9:      layout_loops_corners, dpeg_lair_monsters, orc_david_3
D:10:     layout_roguey, kennysheep_mini_moat, fedhas_bush_and_centaur_altar,
          zin_angel
D:11:     layout_loops_cross, worldfamousw_hep_ancestral_shrine
D:12:     layout_long_grid, chequers_serial_rivers_micro_e, uniq_urug
D:13:     layout_basic, erik_vaults_1
D:14:     layout_rooms, kiku_gazebo_garden_becter, kennysheep_small_spiral,
          uniq_louise
D:15:     grunt_enter_depths_hoard, layout_long_grid,
          portal_ice_cave_entry_pillars_four, minmay_quadrilaterals, uniq_rupert
Lair:1:   layout_cave_pods, beast_lair_carwin_2, serial_bayou_shore_a
Lair:2:   layout_regular_city, palyth_hydra_swamp_entry,
          ebering_ghost_inner_flame, minivault_23, infiniplex_staircase_pool
Lair:3:   layout_long_grid, spider_nest_entry_web_field, st_stairs_4,
          chequers_serial_rivers_micro_a, lemuel_fruit_fields
Lair:4:   beast_lair_carwin_large_2, layout_regular_city, lemuel_fruit_tree,
          grunt_megastairs_3, minmay_lair_oklob_chamber
Lair:5:   layout_regular_city
Lair:6:   minmay_lair_end_frog_pond, layout_small_grid,
          minmay_slime_entry_jelly_boxes, lightli_volcano_entry_magma_tube
Swamp:1:  layout_basic_swamp, basic_altar, uniq_jorgrun
Swamp:2:  layout_basic_swamp, ebering_ghost_rock_garden,
          evilmike_swamp_ruin_rubble_2
Swamp:3:  layout_falls_marsh, lemuel_altar_in_water, infiniplex_staircase_pool_2
Swamp:4:  swamp_fiery, layout_basic_swamp, uniq_aizul
Spider:1: layout_spider_delve, special_room, uniq_josephine, uniq_kirke
Spider:2: layout_spider_delve
Spider:3: nicolae_spider_hilbert_zone_4 [nicolae_spider_hilbert_4_sides_2_open,
          nicolae_spider_hilbert_4_sides_1_open,
          nicolae_spider_hilbert_4_sides_1_open,
          nicolae_spider_hilbert_4_sides_1_open,
          nicolae_spider_hilbert_4_sides_1_open,
          nicolae_spider_hilbert_2_sides_1_open,
          nicolae_spider_hilbert_2_sides_1_open,
          nicolae_spider_hilbert_2_sides_1_open,
          nicolae_spider_hilbert_2_sides_1_open,
          nicolae_spider_hilbert_6_sides_1_open,
          nicolae_spider_hilbert_6_sides_1_open,
          nicolae_spider_hilbert_3_sides_1_open,
          nicolae_spider_hilbert_3_sides_1_open]
Spider:4: grunt_spider_rune_island
Orc:1:    layout_caves
Orc:2:    grunt_orc_gardens, layout_caves, grunt_orc_garden, grunt_orc_garden,
          grunt_orc_garden, grunt_orc_garden, serial_shops, shop,
          nicolae_orc_lava_room, uniq_donald
Elf:1:    nicolae_elf_arrival_fired_up, layout_loops_ring,
          minmay_elf_annihilation, amcnicky_mini_pool_small
Elf:2:    elven_hall_of_blades_hangedman_original [nicolae_blade_tridents],
          layout_gridlike, basic_altar, gammafunk_ghost_arena
Elf:3:    minmay_elf_hall_hex, layout_geoelf_grid
Vaults:1: grunt_vaults_diagonal, v_misc_30, vaults_room_grunt_arrival_ludios,
          ontoclasm_vaults_hangar, v_misc_24, nicolae_vaults_inception_corners,
          nicolae_vaults_specimen_jars, grunt_vaults_hallway_short,
          nicolae_vaults_yaktaur_gun_rack, layout_vaults_omnigrid, serial_shops,
          shop_fountains, shop, shop_fountains, shop, shop
Vaults:2: ebering_vaults_ghost_inner_flame, v_misc_23, st_cross,
          vaults_dpeg_spiral, vaults_dpeg_ring, hangedman_vaults_pinch,
          hangedman_vaults_maws, hangedman_vaults_river_flow,
          nicolae_vaults_little_squares_3, v_misc_9,
          nicolae_vaults_mini_display_case, hangedman_vaults_restitches,
          hangedman_vaults_corner_blocks, nicolae_vaults_asterisk,
          layout_vaults_big_cross
Vaults:3: minmay_crypt_entry_necro_gods, v_rooms_5, nicolae_vaults_network_s,
          nicolae_vaults_network_square, vaults_not_door_vault_mu,
          nicolae_vaults_border_crossing, hangedman_vaults_slice,
          ontoclasm_vaults_ring_small, v_misc_2, v_alt_pattern_1,
          nicolae_vaults_quartermaster, layout_vaults_big_room, uniq_boris,
          uniq_saint_roka

Skill      XL: |  1  2  3  4  5  6  7  8  9 10 11 12 13 14 15 16 17 18 19 20 21 22 |
---------------+-------------------------------------------------------------------+-----
Fighting       | 4 5 6 7 8 10 11 12 13 14 15 16 17 18 19 | 19.1
Maces & Flails | 4 5 6 7 9 10 11 12 14 15 16 17 18 19 20 | 20.2
Armour         | 3 4 5 6 8 9 10 12 13 14 16 17 18 19 20 | 20.5
Dodging        | 2 3 4 5 6 8 10 11 12 13 14 15 16 | 16.4
Shields        | 2 4 |  4.0
Evocations     | 2 4 6 |  6.2

Action                   |  1- 3 |  4- 6 |  7- 9 | 10-12 | 13-15 | 16-18 | 19-21 | 22-24 || total
-------------------------+-------+-------+-------+-------+-------+-------+-------+-------++-------
Melee: Mace              |    90 |   150 |   442 |       |       |       |       |       ||   682
       Whip              |       |       |    82 |   745 |   710 |       |       |       ||  1537
       Dire flail        |       |       |       |       |   754 |  1856 |   252 |       ||  2862
       Great mace        |       |       |       |       |       |       |   711 |   527 ||  1238
Throw: Throwing net      |       |       |       |       |     1 |     2 |       |       ||     3
Invok: Berserk           |     1 |     3 |     8 |     7 |    11 |    13 |     9 |     3 ||    55
       Trog's Hand       |       |       |       |     2 |       |     7 |     1 |       ||    10
       Brothers in Arms  |       |       |       |       |     2 |     3 |       |       ||     5
Evoke: Wand              |       |       |       |       |     1 |       |       |       ||     1
  Use: Scroll            |       |       |     6 |     4 |    12 |    15 |     1 |       ||    38
       Potion            |       |       |       |     2 |       |     4 |     1 |       ||     7
 Stab: Held in net/web   |       |       |       |       |     2 |       |     2 |       ||     4
Armor: Animal skin       |     9 |       |       |       |       |       |       |       ||     9
       Plate armour      |    60 |   168 |   696 |   395 |   456 |   127 |       |       ||  1902
       Chain mail        |       |       |       |       |   158 |   985 |   656 |   301 ||  2100
Dodge: Dodged            |    40 |    72 |   310 |   255 |   543 |  1337 |   758 |   362 ||  3677
Block: Buckler           |       |       |       |   111 |   113 |       |       |       ||   224
